 Dungeon Crawl Stone Soup version 0.30.1-1-g62c8e00024 (webtiles) character file.

Game seed: 16094882016836461455

74 Wiggles the Chopper (level 4, -1/40 HPs)
             Began as a Minotaur Berserker on July 14, 2023.
             Was a Believer of Trog.
             Slain by a cerulean imp
             ... wielding a +0 spear
             ... summoned by Natasha
              (3 damage)
             ... on level 2 of the Dungeon.
             The game lasted 00:02:28 (1217 turns).

Wiggles the Chopper (Minotaur Berserker)            Turns: 1217, Time: 00:02:29

Health: -1/40      AC:  5    Str: 24    XL:     4   Next: 10%
Magic:  3/3        EV: 11    Int:  4    God:    Trog [**....]
Gold:   56         SH:  0    Dex:  9    Spells: 3/3 levels left

rFire   . . .        a - +0 hand axe
rCold   . . .        (no shield)
rNeg    . . .        j - +0 ring mail
rPois   .            (helmet restricted)
rElec   .            (no cloak)
rCorr   .            (no gloves)
SInv    .            (no boots)
Will    .....        (no amulet) Stlth
                     (no ring)
HPRegen 0.26/turn    (no ring)
MPRegen 0.08/turn

%: no passive effects
@: no status effects
A: horns 2, retaliatory headbutt
a: Renounce Religion, Berserk, Trog's Hand


You were on level 2 of the Dungeon.
You worshipped Trog.
Trog was pleased with you.
You visited 1 branch of the dungeon, and saw 2 of its levels.

You collected 56 gold pieces.

Inventory:

Hand Weapons
 a - a +0 hand axe (weapon)
Armour
 j - a +0 ring mail (worn)
Scrolls
 c - a scroll of identify {unknown}
 d - a scroll of noise {unknown}
 f - a scroll of acquirement {unknown}
 h - a scroll of blinking {unknown}
Potions
 e - a potion of haste {unknown}
 g - 4 potions of curing {unknown}
 i - a potion of flight {unknown}


   Skills:
 - Level 4.1 Fighting
 + Level 5.3 Axes
 - Level 2.7 Armour
 - Level 2.4 Dodging
 - Level 0.2 Stealth


You had 3 spell levels left.
You didn't know any spells.
Your spell library was empty.

Dungeon Overview and Level Annotations

Branches:
Dungeon (2/15)

Altars:

Annotations:
D:2 Natasha


Innate Abilities, Weirdness & Mutations

You have a pair of horns on your head.
You reflexively headbutt those who attack you in melee.


Message History

The bat barely misses you.
You hit Natasha.
Natasha is moderately wounded.
You barely miss the bat. You barely miss the worm. The bat closely misses you.
Natasha claws you.
Natasha mumbles some strange words.
You slash Natasha!
Natasha is almost dead.
You hit the worm. The bat closely misses you. The worm bites you!
Natasha stares at you and mumbles some strange words.
The magic dart hits you.
The cerulean imp hits you from afar with a +0 spear.
You are too injured to fight recklessly!
Natasha attacks as you move away! Natasha claws you but does no damage.
The bat hits you but does no damage.
You barely miss the worm.
The worm is moderately wounded.
You barely miss the bat. You barely miss Natasha.
The bat hits you but does no damage.
The cerulean imp hits you from afar with a +0 spear.
Natasha wildly gestures.
You feel disoriented. Natasha claws you.
You slash the worm!
The worm is severely wounded.
You closely miss Natasha. The bat hits you but does no damage.
The worm bites you!
* * * LOW HITPOINT WARNING * * *
The cerulean imp hits you from afar with a +0 spear.
* * * LOW HITPOINT WARNING * * *
Natasha claws you!
* * * LOW HITPOINT WARNING * * *
You barely miss the worm. You headbutt the worm.
The worm is severely wounded.
You closely miss Natasha. The bat misses you. You furiously retaliate!
You headbutt the bat!
You kill the bat!
Trog accepts your kill.
The cerulean imp hits you from afar with a +0 spear.
You die...

#.# ... #.#
#.# #.# #
## #.# #
#.#.# #.# .
#....##.# #
##.[.5h#.#
#.....w@.#
#.......###
#.##...##
##.# #. #.
#


You could see a worm, Natasha and a cerulean imp (summoned).

Vanquished Creatures
  Jessica (D:2)
  2 dart slugs (D:1)
  9 endoplasms
  3 giant cockroaches
  4 goblins
  3 hobgoblins (D:1)
  4 jackals (D:2)
  3 kobolds
  4 quokkas
  A ball python (D:1)
  A bat (D:2)
  A frilled lizard (D:2)
  3 rats (D:1)
39 creatures vanquished.

Notes
Turn   | Place    | Note
-------+----------+-------------------------------------------
     0 | D:1      | Wiggles the Minotaur Berserker began the quest for the Orb.
     0 | D:1      | Reached XP level 1. HP: 19/19 MP: 0/0
   200 | D:1      | Reached XP level 2. HP: 24/27 MP: 1/1
   222 | D:1      | Reached skill level 4 in Axes
   975 | D:2      | Reached XP level 3. HP: 29/33 MP: 2/2
  1070 | D:2      | Reached ** piety under Trog
  1071 | D:2      | Noticed Jessica
  1080 | D:2      | Killed Jessica
  1081 | D:2      | Reached skill level 5 in Axes
  1081 | D:2      | Reached XP level 4. HP: 36/40 MP: 3/3
  1210 | D:2      | Noticed Natasha
  1216 | D:2      | HP: 1/40 [Natasha (7)]
  1217 | D:2      | Slain by a cerulean imp

Illustrated notes

Levels and vault maps discovered:
D:1:      dpeg_arrival_pits, layout_loops_corners, kennysheep_doodads,
          minmay_heptomino_l4
D:2:      layout_loops_ring, serial_shops, nicolae_shop_crystal, uniq_jessica,
          uniq_terence, uniq_natasha

Skill      XL: |  1  2  3 |
---------------+----------+-----
Axes           | 4 5 |  5.3
Fighting       | 4 |  4.1
Armour         | |  2.7
Dodging        | |  2.4
Stealth        | |  0.2

Action                     |  1- 3 |  4- 6 || total
---------------------------+-------+-------++-------
  Melee: Hand axe          |    74 |     8 ||    82
         Headbutt          |    10 |     2 ||    12
         Punch             |     1 |       ||     1
 Invoke: Berserk           |     1 |       ||     1
   Stab: Sleeping          |     2 |       ||     2
 Armour: Animal skin       |    15 |       ||    15
         Ring mail         |       |     5 ||     5
  Dodge: Dodged            |    51 |     7 ||    58
